 Dungeon Crawl Stone Soup version 0.18-a0-1643-gb89d9db (webtiles) character file.

167202 Arkorax the Unseen (level 17, 0/154 HPs)
             Began as a White Draconian Wanderer on Mar 25, 2016.
             Was a High Priest of Dithmenos.
             Killed by the raging water
             ... invoked by a water nymph
              (16 damage)
             ... on level 4 of the Shoals on Mar 28, 2016.
             The game lasted 01:36:11 (35642 turns).

Arkorax the Unseen (White Draconian Wanderer)      Turns: 35642, Time: 01:36:12

Health: 0/154      AC: 20    Str: 16    XL:     17   Next: 31%
Magic:  12/19      EV: 24    Int: 15    God:    Dithmenos [*****.]
Gold:   1919       SH:  9    Dex: 20    Spells: 5 memorised, 3 levels left

rFire  . . .     SeeInvis .     b - +9 quick blade (pierce)
rCold  + . .     Gourm    .     (armour unavailable)
rNeg   + . .     Faith    .     S - +3 buckler {reflect}
rPois  .         Spirit   .     y - +2 hat {Int+3}
rElec  +         Dismiss  .     p - +2 cloak
rCorr  .         Reflect  +     m - +2 pair of gloves {Dex+3}
SustAt .         Harm     .     l - +2 pair of boots of the Assassin {DetectMon Stab+ Stlth++}
MR     ++...     Rnd*Rage +     M - amulet of regeneration
Stlth  ++++++++..               N - ring of wizardry
                                U - ring of Noadong Zesch {rElec rN+ MR+ EV+3}

@: wreathed by umbra, very resistant to hostile enchantments, extraordinarily
stealthy
A: breathe frost, unfitting armour, beak, talons 1, berserk 1, blurry vision 1,
cold resistance 1, low mp 1, sense surroundings 1, evolution 1, cold-blooded,
subdued magic 1, AC +9
a: Breathe Frost, Shadow Step, Shadow Form, Renounce Religion


You were on level 4 of the Shoals.
You worshipped Dithmenos.
Dithmenos was extremely pleased with you.
You were not hungry.

You visited 6 branches of the dungeon, and saw 33 of its levels.
You also visited: Labyrinth and Ice Cave.

You collected 3201 gold pieces.
You spent 1282 gold pieces at shops.

Inventory:

Hand Weapons
 b - a +9 quick blade of piercing (weapon)
 j - a +5 rapier of speed
 k - a +3 dagger of venom
 A - a +0 blowgun
 T - a +2 dagger of holy wrath
Missiles
 t - 68 poisoned needles
 Q - 7 throwing nets (quivered)
 Y - 8 curare-tipped needles
Armour
 l - the +2 pair of boots of the Assassin (worn) {DetectMon Stab+ Stlth++}
   (You bought it in a shop on level 11 of the Dungeon)

   It makes you much more stealthy.
 m - a +2 pair of gloves of dexterity (worn)
 p - a +2 cloak (worn)
 y - a +2 hat of intelligence (worn)
 S - a +3 buckler of reflection (worn)
Jewellery
 u - a +2 ring of dexterity {unknown}
 C - a +4 amulet of reflection
 M - an amulet of regeneration (around neck)
 N - a ring of wizardry (right hand)
 U - the ring of Noadong Zesch (left hand) {rElec rN+ MR+ EV+3}
   (You found it on level 7 of the Dungeon)

   [ring of evasion]

   It affects your evasion (+3).
   It insulates you from electricity.
   It protects you from negative energy.
   It affects your resistance to hostile enchantments.
 X - a +2 ring of slaying
 Z - the ring "Utiplaod" {rPois rC+ Int-4 Stlth+}
   (You found it on level 2 of the Snake Pit)

   [ring of protection from cold]

   It affects your intelligence (-4).
   It protects you from cold.
   It protects you from poison.
   It makes you more stealthy.
Wands
 a - a wand of iceblast (6/15)
 v - a wand of iceblast (0/15)
 E - a wand of disintegration (13/24)
 F - a wand of digging (24/24)
 R - a wand of disintegration (0/24)
Scrolls
 c - 6 scrolls of teleportation
 g - 6 scrolls of fog
 n - 11 scrolls of remove curse
 o - 3 scrolls of fear
 s - 15 scrolls of identify
 D - 9 scrolls of magic mapping
 L - 3 scrolls of enchant weapon
 O - 3 scrolls of holy word
Potions
 d - 6 potions of flight
 e - 6 potions of cancellation
 h - a potion of resistance
 r - a potion of haste
 w - a potion of might
 x - 5 potions of agility
 B - 6 potions of brilliance
 J - 4 potions of magic
 P - a potion of ambrosia
 V - 7 potions of curing
Miscellaneous
 K - a sack of spiders
Comestibles
 f - 7 bread rations
 i - 7 meat rations
 q - a slice of pizza
 z - 26 fruits
 G - 2 royal jellies
 W - 4 beef jerkies


   Skills:
 - Level 14.3 Fighting
 - Level 9.0 Short Blades
   Level 0.4 Maces & Flails
 - Level 10.1 Dodging
 * Level 18.4 Stealth
 - Level 5.3 Shields
 - Level 3.0 Spellcasting
 * Level 13.5 Hexes
 - Level 1.0 Translocations
   Level 1.0 Transmutations
 + Level 6.5 Invocations


You had 3 spell levels left.
You knew the following spells:

 Your Spells              Type           Power        Failure   Level  Hunger
a - Spectral Weapon       Hex/Chrm       ###.....     1%          3    ###....
b - Tukima's Dance        Hex            ####....     0%          3    ###....
c - Invisibility          Hex            ####....     2%          6    #######
d - Haste                 Chrm           #.......     100%        6    #######
e - Apportation           Tloc           #.........   2%          1    #......


Dungeon Overview and Level Annotations

Branches:
Dungeon (15/15)            Temple (1/1) D:4            Lair (8/8) D:8
 Shoals (4/4) Lair:6        Snake (3/4) Lair:4        Slime (0/6) Lair:7
    Orc (2/2) D:11            Elf (0/3) Orc:2        Vaults (0/5) D:14
 Depths (0/5) D:15

Altars:
Ashenzari
Cheibriados
Dithmenos
Elyvilon
Fedhas
Gozag
Kikubaaqudgha
Makhleb
Nemelex Xobeh
Okawaru
Pakellas
Qazlal
Ru
Sif Muna
Trog
Vehumet
Xom
Yredelemnul
Zin
The Shining One

Shops:
D:11 =[%!(   D:12 =   D:14 ?   Orc:2 (((%

Portals:
Trove: D:13 (give potion of experience)

Annotations:
Shoals:4 Ilsuiw
Snake:3 Aizul


Innate Abilities, Weirdness & Mutations

You can breathe waves of freezing cold.
You can buffet flying creatures when you breathe cold.
Your icy white scales are hard (AC +9).
Your body does not fit into most forms of armour.
Your flesh is cold resistant.
You are cold-blooded and may be slowed by cold attacks.
You have a beak for a mouth.
You have sharp toenails.
You tend to lose your temper in combat.
Scrolls take you a little longer to read.
Your magical capacity is low (-10% MP).
You passively map a small area around you.
You evolve.
Your spells are a little easier to cast, but a little less powerful.


Message History

Drink which item? (? for menu, Esc to quit)
You feel better. The merfolk impaler barely misses you.
The tentacle completely misses you. x2; The tentacle misses you.
The water nymph casts a spell at you. The water swirls and strikes you!
* * * LOW HITPOINT WARNING * * *
The merfolk javelineer hits you but does no damage.
The merfolk impaler barely misses you.
The merfolk javelineer barely misses you.
Unknown command.
Okay, then.
Read which item? (? for menu, Esc to quit)
Really read with blurry vision while enemies are nearby?
The tentacle barely misses you. The tentacle closely misses you.
The tentacle completely misses you. The merfolk impaler closely misses you.
The merfolk avatar chants a haunting song.
You easily resist.
The water nymph casts a spell at you. The water swirls and strikes you!
You die...

≈ ≈≈≈......≈≈≈≈≈≈≈
≈≈≈≈≈≈≈≈. ,.≈........≈≈≈≈
≈≈≈≈≈≈≈≈≈ ≈ ≈
≈.........≈≈≈ ≈≈≈≈≈≈≈.≈ ≈
..........≈######≈≈≈≈≈≈≈..
..........#≈%≈≈≈##.≈≈≈≈≈..
,
.........#≈≈#≈≈≈≈##≈≈≈≈≈.#
≈ ≈≈......#≈≈≈≈≈#≈≈
#≈≈≈≈... ≈
≈≈....≈)#w#≈w≈≈≈≈≈#≈≈≈....
≈...≈≈≈≈#@wXm##≈≈≈#..≈....
,
≈≈≈≈≈≈≈≈#mw#≈#≈.≈≈#.....≈.
≈≈≈≈≈≈≈≈#mmmm≈φ.#m#.≈.....
≈≈≈≈≈≈≈≈##m†≈..#≈##.......
, ,
≈≈≈≈≈≈≈≈%##≈≈≈≈≈##........
≈≈≈≈≈≈≈≈≈≈#######.........
,
≈≈≈≈≈≈≈≈≈≈...[.........≈##
≈≈≈≈≈≈≈######..........###
, ≈≈≈≈≈≈#
....#..........≈≈


You could see a kraken, a merfolk avatar, 3 merfolk impalers, 2 merfolk
javelineers, 4 tentacles and a water nymph.

Vanquished Creatures
  Rupert (D:13)
  Agnes (D:14)
  Gastronok (Lair:3)
  A greater naga (Snake:3)
  2 orc warlords
  A frost giant (IceCv)
  A dire elephant (D:15)
  Snorg (Lair:5)
  Erolcha (D:13)
  A minotaur (Lab)
  A merfolk impaler (Shoals:3)
  A merfolk javelineer (Shoals:2)
  A naga warrior (Snake:1)
  Fannar (Orc:1)
  5 hydras
  7 anacondas
  5 centaur warriors
  2 catoblepae
  Erica (Lair:1)
  A merfolk aquamancer (Shoals:4)
  An ogre mage (D:15)
  A satyr (Shoals:3)
  The ghost of Oddball22 the Martial Artist, a novice DsMo of Ru (D:10)
  3 tengu warriors
  15 death yaks
  An orc high priest (Orc:2)
  3 naga sharpshooters
  2 shock serpents (Snake:2)
  Urug (Lair:3)
  The ghost of Ebgish the Digger, a novice GrEE of Vehumet (D:9)
  Sonja (D:14)
  2 salamander mystics
  The ghost of Oddball22 the Martial Artist, a novice DsMo (D:7)
  3 unseen horrors
  8 sea snakes
  4 naga ritualists
  4 mana vipers
  3 necromancers
  Pikel (D:5)
  6 hill giants
  2 orc knights
  8 fauns
  6 harpies
  14 griffons
  5 orc sorcerers (Orc:2)
  8 manticores
  2 ugly things (D:11)
  3 salamanders
  7 sirens
  5 cyclopes
  6 elephants (Lair:8)
  A guardian serpent (Snake:2)
  16 black mambas
  3 water nymphs
  An ice statue (IceCv)
  11 naga magi
  15 spiny frogs
  3 centaur skeletons
  A gargoyle (D:11)
  3 rime drakes
  A yaktaur (D:15)
  A komodo dragon (shapeshifter) (D:13)
  2 tengu conjurers (D:15)
  11 komodo dragons
  A guardian mummy (D:13)
  5 trolls
  3 wind drakes (Shoals:3)
  3 two-headed ogres
  12 merfolk
  13 polar bears
  A giant leech (Lair:7)
  2 blink frogs (shapeshifter) (D:15)
  14 blink frogs
  8 slime creatures
  2 shadows
  13 snapping turtles
  A wraith (D:15)
  6 water elementals
  8 wyverns
  4 fire elementals (D:13)
  78 yaks
  3 basilisks
  Menkaure (D:5)
  10 hippogriffs
  3 steam dragons
  2 hungry ghosts
  9 vampire mosquitoes
  Grum (Lair:1)
  A mottled dragon (D:13)
  22 nagas
  4 wargs
  7 swamp worms (Lair:7)
  10 water moccasins
  13 porcupines
  3 eyes of draining
  31 orc warriors
  3 black bears
  8 sky beasts
  4 necrophages
  2 ice beasts (D:8)
  2 phantoms
  3 wasps
  38 wolves
  17 ogres
  12 centaurs
  4 big kobolds
  11 crocodiles
  37 giant frogs
  A gnoll sergeant (D:6)
  A wyvern skeleton (D:12)
  2 scorpions
  6 killer bees (D:8)
  4 howler monkeys
  5 electric eels
  A wasp zombie (D:9)
  5 lava snakes (D:13)
  A centaur zombie (D:12)
  4 crimson imps
  2 quasits
  2 giant frog zombies
  6 jellies
  Crazy Yiuf (D:5)
  9 hounds
  24 orc priests
  A giant frog skeleton (D:4)
  13 iguanas
  29 orc wizards
  15 worker ants
  2 polar bear simulacra (Lair:3)
  3 yak simulacra (Lair:3)
  3 wolf simulacra (Lair:3)
  17 sheep
  A hound zombie (D:5)
  2 hound skeletons
  A howler monkey zombie (D:6)
  13 adders
  8 gnolls
  41 river rats
  8 shadow imps
  12 white imps (D:13)
  2 oozes
  4 adder skeletons
  17 worms
  3 dart slugs
  4 giant geckos
  74 orcs
  4 bats
  6 giant cockroaches
  3 goblins
  6 hobgoblins
  13 jackals
  17 kobolds
  6 quokkas
  3 ball pythons
  2 giant gecko skeletons (D:6)
  A giant newt (D:1)
  A quokka skeleton (D:5)
  A quokka zombie (D:9)
  5 rats
  3 river rat simulacra (Lair:3)
  A fungus (D:5)
1087 creatures vanquished.

Vanquished Creatures (collateral kills)
  2 wolves (Lair:1)
  A plant (Lair:1)
3 creatures vanquished.

Vanquished Creatures (others)
  A merfolk javelineer (Shoals:4)
  A vampire (D:12)
  A howler monkey (D:5)
  A worker ant (D:5)
  A giant gecko (D:5)
  4 bushes (Lair:5)
  34 fungi
  31 plants
  19 spectral weapons
  15 tentacle segments (Shoals:4)
108 creatures vanquished.

Grand Total: 1198 creatures vanquished

Notes
Turn   | Place    | Note
--------------------------------------------------------------
     0 | D:1      | Arkorax the Draconian Wanderer began the quest for the Orb.
     0 | D:1      | Arkorax set off with: a book of Minor Magic, the Reference Book on Transmigration, a scroll of teleportation, a +0 club, a +0 dagger, a bread ration
     0 | D:1      | Reached XP level 1. HP: 19/19 MP: 4/4
   458 | D:1      | Identified the Reference Book on Transmigration
   719 | D:1      | Reached XP level 2. HP: 23/26 MP: 6/6
   950 | D:2      | Reached skill level 1 in Short Blades
  1121 | D:2      | Reached XP level 3. HP: 30/33 MP: 7/7
  1246 | D:2      | Found an iron altar of Okawaru.
  1409 | D:2      | Reached skill level 1 in Dodging
  1909 | D:2      | Reached XP level 4. HP: 37/40 MP: 8/8
  2337 | D:3      | Reached XP level 5. HP: 42/47 MP: 9/9
  2559 | D:3      | Found a blossoming altar of Fedhas.
  2738 | D:4      | Reached skill level 5 in Fighting
  2869 | D:4      | Noticed a centaur
  2877 | D:4      | Killed a centaur
  2877 | D:4      | Reached XP level 6. HP: 19/56 MP: 10/10
  3062 | D:4      | Found a staircase to the Ecumenical Temple.
  3137 | Temple   | Entered the Ecumenical Temple
  3313 | D:4      | Got a polished mace
  3314 | D:4      | Identified the +6 mace "Binwun" {freeze, rN+} (You found it on level 4 of the Dungeon)
  3447 | D:4      | Your scales start taking on an icy white colour.
  3447 | D:4      | Reached XP level 7. HP: 53/63 MP: 11/11
  3447 | D:4      | Gained mutation: Your flesh is cold resistant. [White Draconian growth]
  3975 | D:5      | Entered Level 5 of the Dungeon
  3981 | D:5      | Noticed Menkaure
  3987 | D:5      | Killed Menkaure
  3987 | D:5      | Reached skill level 5 in Short Blades
  4307 | D:5      | Reached XP level 8. HP: 55/73 MP: 12/12
  4410 | D:5      | Noticed Pikel
  4465 | D:5      | Killed Pikel
  5373 | D:5      | Noticed Crazy Yiuf
  5387 | D:5      | Killed Crazy Yiuf
  5649 | D:6      | Reached XP level 9. HP: 37/82 MP: 13/13
  6264 | D:6      | Reached skill level 5 in Dodging
  6309 | D:6      | Found a radiant altar of Vehumet.
  6312 | D:6      | Found an iron altar of Okawaru.
  6314 | D:6      | Found a shadowy altar of Dithmenos.
  6314 | D:6      | Found a shattered altar of Ashenzari.
  6314 | D:6      | Found a white marble altar of Elyvilon.
  6317 | D:6      | Found a shimmering altar of Xom.
  6321 | D:6      | Became a worshipper of Dithmenos the Shadowed
  6327 | D:6      | Found an ancient bone altar of Kikubaaqudgha.
  6328 | D:6      | Found a burning altar of Makhleb.
  6866 | D:7      | Got a shimmering granite ring
  6970 | D:7      | Noticed Oddball22's ghost (novice DsMo)
  6976 | D:7      | Identified the ring of Noadong Zesch {rElec rN+ MR+ EV+3} (You found it on level 7 of the Dungeon)
  6986 | D:7      | Gained mutation: You tend to lose your temper in combat. [potion of mutation]
  6986 | D:7      | Gained mutation: You often lose your temper in combat. [potion of mutation]
  6986 | D:7      | Gained mutation: You have sharp toenails. [potion of mutation]
  7026 | D:7      | Killed Oddball22's ghost
  7026 | D:7      | Reached skill level 10 in Fighting
  7256 | D:7      | Reached * piety under Dithmenos
  7286 | D:7      | Gained mutation: You are dopey. (Int -2) [potion of mutation]
  7286 | D:7      | Gained mutation: Your magical capacity is low (-10% MP). [potion of mutation]
  7286 | D:7      | Gained mutation: You passively map a small area around you. [potion of mutation]
  7360 | D:7      | Reached skill level 2 in Stealth
  7367 | D:7      | Reached XP level 10. HP: 91/94 MP: 13/13
  7375 | D:7      | Gained mutation: You have a beak for a mouth. [potion of mutation]
  7563 | D:8      | Identified Sif Muna's Collected Works on Hexes
  7617 | D:8      | Got a scorched spear
  7627 | D:8      | Reached skill level 3 in Stealth
  7631 | D:8      | Identified the +6 spear of Hayxoxte {venom, rElec rPois MP+9 Str-3} (You found it on level 8 of the Dungeon)
  7688 | D:8      | Found a staircase to the Lair.
  7831 | D:8      | Lost mutation: You are dopey. (Int -2) [mutagenic meat]
  8035 | D:9      | Found a basalt altar of Yredelemnul.
  8185 | D:9      | Reached ** piety under Dithmenos
  8375 | D:9      | Reached skill level 4 in Stealth
  8876 | D:9      | Noticed Ebgish's ghost (novice GrEE)
  9050 | Lair:1   | Entered Level 1 of the Lair of Beasts
  9122 | Lair:1   | Identified a scroll of acquirement
  9164 | Lair:1   | Noticed Grum
  9171 | Lair:1   | Reached skill level 5 in Stealth
  9179 | Lair:1   | Killed Grum
  9326 | Lair:1   | Noticed Erica
  9361 | Lair:1   | Killed Erica
  9361 | Lair:1   | Reached skill level 6 in Stealth
  9440 | Lair:1   | Reached XP level 11. HP: 71/104 MP: 13/13
 10087 | Lair:2   | Noticed a griffon
 10091 | Lair:2   | Killed a griffon
 10091 | Lair:2   | Reached skill level 7 in Stealth
 10568 | Lair:2   | Gained mutation: You evolve. [potion of mutation]
 10568 | Lair:2   | Gained mutation: You rapidly evolve. [potion of mutation]
 10568 | Lair:2   | Gained mutation: Your spells are a little easier to cast, but a little less powerful. [potion of mutation]
 10696 | Lair:2   | Reached *** piety under Dithmenos
 10965 | Lair:2   | Reached skill level 8 in Stealth
 11678 | Lair:2   | Gained mutation: You are robust (+10% HP). [evolution]
 11884 | Lair:3   | Reached XP level 12. HP: 103/126 MP: 14/14
 12084 | Lair:3   | Reached skill level 9 in Stealth
 12190 | Lair:3   | Noticed Gastronok
 12210 | Lair:3   | Killed Gastronok
 12248 | Lair:3   | Noticed a six-headed hydra
 12254 | Lair:3   | Killed a six-headed hydra
 12413 | Lair:3   | Noticed Urug
 12450 | Lair:3   | Killed Urug
 12909 | Lair:4   | Found a staircase to the Snake Pit.
 12938 | Lair:4   | Reached skill level 10 in Stealth
 13337 | Lair:4   | Reached skill level 1 in Shields
 13399 | Lair:4   | Reached **** piety under Dithmenos
 13552 | Lair:4   | Noticed a four-headed hydra
 13592 | Lair:4   | Killed a four-headed hydra
 14001 | Lair:4   | Lost mutation: You rapidly evolve. [end of evolution]
 14234 | Lair:5   | Noticed Snorg
 14240 | Lair:5   | Found a labyrinth entrance.
 14247 | Lair:5   | Noticed a death yak
 14247 | Lair:5   | Noticed a death yak
 14248 | Lair:5   | Noticed a death yak
 14249 | Lab      | Entered a labyrinth
 14306 | Lab      | Noticed a minotaur
 14317 | Lab      | Killed a minotaur
 14317 | Lab      | Reached skill level 11 in Stealth
 14367 | Lair:5   | Noticed a death yak
 14403 | Lair:5   | Killed Snorg
 14558 | Lair:5   | Noticed a death yak
 14601 | Lair:5   | Killed a death yak
 14601 | Lair:5   | Reached XP level 13. HP: 137/137 MP: 15/15
 14774 | Lair:5   | Learned a level 3 spell: Spectral Weapon
 14778 | Lair:5   | Learned a level 3 spell: Tukima's Dance
 15583 | Lair:5   | Reached skill level 12 in Stealth
 16042 | Lair:6   | Reached skill level 5 in Shields
 16092 | Lair:6   | Gained mutation: Scrolls take you a little longer to read. [potion of mutation]
 16092 | Lair:6   | Gained mutation: Your spells are easier to cast, but less powerful. [potion of mutation]
 16093 | Lair:6   | Gained mutation: Your tail ends in a poisonous barb. [potion of mutation]
 16194 | Lair:6   | Reached skill level 10 in Dodging
 16266 | Lair:6   | Found a staircase to the Shoals.
 16307 | Lair:6   | Learned a level 6 spell: Invisibility
 16567 | Lair:6   | Reached skill level 1 in Hexes
 17004 | Lair:7   | Learned a level 6 spell: Haste
 17039 | Lair:7   | Reached skill level 13 in Stealth
 17112 | Lair:7   | Found a staircase to the Slime Pits.
 17937 | Lair:7   | Reached XP level 14. HP: 146/146 MP: 16/16
 18045 | Lair:8   | Entered Level 8 of the Lair of Beasts
 18048 | Lair:7   | Upgraded the game from 0.18-a0-1628-g61c6396 to 0.18-a0-1637-g109f206
 18480 | Lair:8   | Reached ***** piety under Dithmenos
 18552 | Lair:8   | Reached skill level 5 in Hexes
 19246 | Lair:8   | Reached skill level 14 in Stealth
 19901 | Lair:3   | Gained mutation: You are agile. (Dex +2) [evolution]
 20046 | D:10     | Entered Level 10 of the Dungeon
 20143 | D:10     | Noticed Oddball22's ghost (novice DsMo)
 20213 | D:10     | Killed Oddball22's ghost
 20407 | D:10     | Found a blossoming altar of Fedhas.
 20722 | D:11     | Found Ycuczu's Antique Armour Shop.
 20723 | D:11     | Found Solereis's Food Emporium.
 20728 | D:11     | Bought the +2 pair of boots of the Assassin {DetectMon Stab+ Stlth++} for 542 gold pieces
 20832 | D:11     | Found Ymeidum's Jewellery Boutique.
 21011 | D:11     | Found Zugu's Distillery.
 21034 | D:11     | Found a staircase to the Orcish Mines.
 21194 | D:11     | Found Umulatat's Antique Weapon Boutique.
 22047 | D:12     | Found Buuvejid's Jewellery Emporium.
 22623 | D:13     | Reached ****** piety under Dithmenos
 22837 | D:13     | Found a frozen archway.
 22837 | D:13     | Noticed Erolcha
 22859 | D:13     | Killed Erolcha
 22889 | IceCv    | Entered an ice cave
 22922 | IceCv    | Reached skill level 15 in Stealth
 23155 | IceCv    | Reached XP level 15. HP: 141/152 MP: 17/17
 23400 | IceCv    | Noticed a frost giant
 23718 | IceCv    | Killed a frost giant
 24479 | D:13     | Noticed Rupert
 24495 | D:13     | Killed Rupert
 24495 | D:13     | Reached skill level 10 in Hexes
 24510 | D:13     | Found a portal to a secret trove of treasure.
 24999 | D:14     | Found a gate to the Vaults.
 25034 | D:14     | Reached skill level 16 in Stealth
 25121 | D:14     | Noticed Agnes
 25130 | D:14     | Killed Agnes
 25197 | D:14     | Lost mutation: You are robust (+10% HP). [evolution]
 25203 | D:14     | Found Guinke's Magic Scroll Shoppe.
 25206 | D:14     | Bought a scroll of brand weapon for 260 gold pieces
 25208 | D:14     | Noticed Sonja
 25210 | D:14     | Killed Sonja
 25347 | D:14     | Lost mutation: You are agile. (Dex +2) [potion of cure mutation]
 25347 | D:14     | Lost mutation: Your tail ends in a poisonous barb. [potion of cure mutation]
 25347 | D:14     | Lost mutation: You often lose your temper in combat. [potion of cure mutation]
 25347 | D:14     | Lost mutation: Your spells are easier to cast, but less powerful. [potion of cure mutation]
 25427 | D:15     | Entered Level 15 of the Dungeon
 26016 | D:15     | Identified the Catalogue of the Evil Rocks
 26026 | D:15     | Learned a level 1 spell: Apportation
 26440 | D:15     | Found a staircase to the Depths.
 26636 | Orc:1    | Entered Level 1 of the Orcish Mines
 26639 | Orc:1    | Noticed Fannar
 26665 | Orc:1    | Killed Fannar
 26701 | Orc:1    | Noticed an orc warlord
 26740 | Orc:1    | Killed an orc warlord
 26740 | Orc:1    | Reached skill level 1 in Invocations
 26740 | Orc:1    | Reached XP level 16. HP: 49/147 MP: 15/18
 27266 | Orc:2    | Entered Level 2 of the Orcish Mines
 27352 | Orc:2    | Found a staircase to the Elven Halls.
 27606 | Orc:2    | Found Oruumut's Food Shop.
 27606 | Orc:2    | Found Boalotan's Weapon Boutique.
 27606 | Orc:2    | Found Cysoesm's Weapon Shop.
 27611 | Orc:2    | Found Soamul's Weapon Boutique.
 27888 | Orc:2    | Reached skill level 17 in Stealth
 28506 | D:9      | Killed Ebgish's ghost
 28695 | Shoals:1 | Entered Level 1 of the Shoals
 29348 | Snake:1  | Entered Level 1 of the Snake Pit
 30186 | Snake:2  | Found a runed door.
 30898 | Snake:2  | Got a fine golden ring
 30905 | Snake:2  | Identified the ring "Utiplaod" {rPois rC+ Int-4 Stlth+} (You found it on level 2 of the Snake Pit)
 32208 | Snake:3  | Found a basalt altar of Yredelemnul.
 32271 | Snake:3  | Reached skill level 5 in Invocations
 32376 | Snake:3  | Noticed Aizul
 32682 | D:12     | Bought an uncursed ring of wizardry for 480 gold pieces
 33367 | Shoals:1 | Upgraded the game from 0.18-a0-1637-g109f206 to 0.18-a0-1639-g7533f42
 33533 | Shoals:2 | Reached skill level 18 in Stealth
 33764 | Shoals:2 | Reached XP level 17. HP: 149/154 MP: 19/19
 35073 | Shoals:4 | Entered Level 4 of the Shoals
 35103 | Shoals:3 | Upgraded the game from 0.18-a0-1639-g7533f42 to 0.18-a0-1643-gb89d9db
 35157 | Shoals:4 | Noticed Ilsuiw
 35628 | Shoals:4 | Noticed a kraken
 35642 | Shoals:4 | Killed from afar by a water nymph

Vault maps used:
D:1:      nagdon_arrival_zigzag_paths
D:2:      okawaru_trees_2
D:3:      fedhas_altar_fruit_tree
D:4:      minmay_temple_entry_poolview, portal_sewer_entry_e
D:5:      first_bread, uniq_menkaure, uniq_crazy_yiuf_cottage, uniq_pikel
D:6:      minitemple
D:8:      lair_0_dummy
D:9:      basic_altar
D:10:     hangedman_tree_tricks
D:11:     david_orc_2, serial_shops, kennysheep_mini_moat, shop, shop,
          nicolae_shop_statue_plus, shop
D:12:     serial_shops, shop
D:13:     erik_rubicon_a, nicolae_trove_entry_path_of_doom,
          portal_ice_cave_entry_imps, minmay_joined_circles, uniq_erolcha,
          uniq_rupert
D:14:     david_vaults_1, serial_shops, nicolae_shop_behind_doors,
          kennysheep_another_room, kennysheep_generic_room_9, uniq_agnes,
          uniq_sonja
D:15:     hangedman_depths_entry_try_elsewhere_first, minmay_fountain_box,
          nicolae_twisting_strands, minmay_hollow_rounded_squares
Temple:   jpeg_temple_clearing_12
Lair:1:   grunt_megastairs_1, uniq_erica, uniq_grum
Lair:2:   serial_bayou_lake_a
Lair:3:   eino_house_with_fridge, serial_bayou_shore_a, grunt_megastairs_5,
          uniq_gastronok, uniq_urug
Lair:4:   guppyfry_snake_entry_garden, st_stairs_9, hangedman_lair_generics_rect
Lair:5:   lab_entry_generic, hangedman_lair_unloving_vines, uniq_snorg
Lair:6:   shoals_dummy_entry, grunt_forest_large_clearings,
          bh_autumn_forest_stairs
Lair:7:   minmay_slime_entry_pillars, st_stairs_12, worms_lemuel
Lair:8:   minmay_lair_end_frog_pond, lemuel_centaur_altar
Shoals:3: nicolae_shoals_loop_pool
Shoals:4: shoals_end_hangedman, shoals_ilsuiw_ice,
          nicolae_shoals_stone_sculpture_thing
Snake:2:  lightli_airlock
Snake:3:  nicolae_aizul_guard, basic_altar, serial_bayou_pond_a,
          serial_bayou_lagoon_a, st_stairs_9
Orc:1:    uniq_fannar, uniq_nergalle
Orc:2:    st_orc_mages, amalloy_card_club
Lab:      labyrinth_hidden_loot
IceCv:    ice_cave_caverns_01

Skill      XL: |  1  2  3  4  5  6  7  8  9 10 11 12 13 14 15 16 17 |
---------------+----------------------------------------------------+-----
Short Blades   | 1 2 3 4 5 7 9 |  9.0
Fighting       | 4 5 6 7 8 10 11 13 14 | 14.3
Dodging        | 1 2 3 4 5 6 8 9 10 | 10.1
Stealth        | 2 6 8 11 13 15 16 18 | 18.4
Shields        | 3 5 |  5.3
Hexes          | 4 8 11 13 | 13.5
Invocations    | 1 5 6 |  6.5
Maces & Flails | |  0.4
Spellcasting   | |  3.0
Translocations | |  1.0
Transmutations | |  1.0

Action                   |  1- 3 |  4- 6 |  7- 9 | 10-12 | 13-15 | 16-18 || total
-------------------------+-------+-------+-------+-------+-------+-------++-------
Melee: Club              |    15 |       |       |       |       |       ||    15
       Dagger            |    71 |   137 |   463 |  1022 |  1143 |       ||  2836
       Staff             |    24 |       |       |       |       |       ||    24
       Rapier            |       |       |       |    58 |   350 |       ||   408
       Quick blade       |       |       |       |       |   841 |  1102 ||  1943
 Fire: Blowgun           |       |       |       |     3 |       |       ||     3
Throw: Javelin           |       |       |       |       |       |     7 ||     7
 Cast: Spectral Weapon   |       |       |       |       |    24 |    10 ||    34
       Invisibility      |       |       |       |       |       |     2 ||     2
       Apportation       |       |       |       |       |       |     5 ||     5
Invok: Shadow Step       |       |       |       |     1 |     5 |    15 ||    21
 Abil: Breathe Frost     |       |       |    14 |    12 |     7 |     5 ||    38
Evoke: Wand              |       |       |     4 |       |       |     8 ||    12
  Use: Potion            |       |     1 |    12 |     4 |     7 |     1 ||    25
       Scroll            |       |       |       |    21 |    16 |    10 ||    47
 Stab: Sleeping          |     4 |       |     5 |    32 |    89 |    85 ||   215
       Invisible         |       |       |     6 |       |     3 |     4 ||    13
       Distracted        |       |       |     1 |     4 |    15 |     9 ||    29
  Eat: Bread ration      |     1 |       |     2 |     2 |     5 |     4 ||    14
       Chunk             |       |     2 |     6 |    19 |    44 |    13 ||    84
       Fruit             |       |     2 |     2 |       |     9 |     1 ||    14
       Meat ration       |       |       |       |     4 |     1 |     1 ||     6
       Beef jerky        |       |       |       |       |     1 |       ||     1
       Pizza             |       |       |       |       |       |     4 ||     4
